[Event "Late-Titled-Tuesday-Blitz-June-18-2024"]
[Site "Chess.com"]
[Date "2024.06.18"]
[Round "1"]
[White "unbreakablepawn35"]
[Black "rychessmaster1"]
[Result "1-0"]
[WhiteElo "2442"]
[BlackElo "2739"]
[TimeControl "180+1"]
[EndTime "14:08:06 PDT"]
[Termination "unbreakablepawn35 won by resignation"]

1. c4 e6 2. Nc3 d5 3. d4 c6 4. e4 dxe4 5. Nxe4 Bb4+ 6. Nc3 e5 7. Be3 exd4 8. Qxd4 Qxd4 9. Bxd4 Nf6 10. O-O-O Be6 11. a3 Be7 12. Nf3 h6 13. Be2 Nbd7 14. Rhe1 b6 15. Ne5 Nxe5 16. Bxe5 O-O 17. Bd6 Rfe8 18.
Bxe7 Rxe7 19. Bf3 Rc8 20. b3 Rd7 21. Rxd7 Nxd7 22. Ne4 Ne5 23. Be2 Kf8 24. f4 Ng6 25. g3 Rd8 26. Bh5 Bf5 27. Bxg6 Bxg6 28. Nf2 h5 29.
Rd1 Rxd1+ 30. Nxd1 Ke7 31. Kd2 Ke6 32. Ne3 Be4 33. Kc3 f6 34. Kd4 Bb1 35. b4 g5 36. c5 b5 37. fxg5 fxg5 38. Nd1 Kf5 39. Ne3+ Ke6 40. h4 gxh4 41. gxh4 Bg6 42. Ng2 Kf5 43.
Ke3 Bf7 44. Nf4 Kg4 45. Nd3 Kxh4 46. Ne5 Bd5 47. Kf4 Kh3 48. Ng6 Kg2 49. Kg5 Kf2 50. Ne7 Be4 51. Kxh5 Ke3 52. Kg5 Kd4 53. Kf6 Kc3 54. Ke5 Bg2 55. Kd6 Kb3 56. Nxc6 Kxa3 57. Nxa7 Kxb4 58. c6 Kc4 59. c7 Bh3 60. Nc6 b4 61.
Ne5+ Kb3 62. Nd7 Bxd7 63. Kxd7 Kb2 64. c8=Q b3 65. Kd6 Kb1 66. Kd5 b2 67. Kc4 Kc2 68. Kb4+ Kd2 69. Qc3+ 1-0

[Event "Late-Titled-Tuesday-Blitz-June-18-2024"]
[Site "Chess.com"]
[Date "2024.06.18"]
[Round "1"]
[White "Aram7Adam"]
[Black "familijatop71"]
[Result "0-1"]
[WhiteElo "2602"]
[BlackElo "2296"]
[TimeControl "180+1"]
[EndTime "14:08:06 PDT"]
[Termination "familijatop71 won by checkmate"]

1. e4 d5 2. exd5 Qxd5 3. Nc3 Qa5 4. d4 c6 5. Nf3 Nf6 6. Bc4 Bf5 7. O-O e6 8. Ne5 Nbd7 9. g4 Nxe5 10. dxe5 Nxg4 11. Bf4 Nxe5 12. Be2 Rd8 13. Qc1 Ng6 14. Bg3 Bd6 15. Qe3 O-O 16. Rad1 Bxg3 17. hxg3 Rxd1 18. Rxd1 Ne7 19. Rd7 Nd5 20. Nxd5 cxd5 21. Rxb7 Qxa2 22. c3 a5 23. g4 Be4 24. f3 Bg6 25. Qf4 Qb1+ 26.
Kf2 Re8 27. Rb8 f6 28. Rxe8+ Bxe8 29. Qb8 Kf7 30. Qa7+ Kf8 31. Qc5+ Kf7 32. Qc7+ Kf8 33.
Qxa5 Qxb2 34. Qc5+ Kf7 35. Qc7+ Kf8 36. Qd6+ Kf7 37.
Qc5 Qb7 38. Bd3 Qd7 39. Kg3 e5 40. Bf5 Qe7 41. Qxd5+ Kf8 42. Bxh7 Bf7 43. Qa8+ Be8 44.
Qa3 Qxa3 45. Bc2 Qxc3 46. Be4 Qc7 47. Kh4 Bc6 48. g5 Bxe4 49. gxf6 gxf6 50. fxe4 Qc4 51. Kg4 Kf7 52. Kh5 Qd4 53. Kh6 Qxe4 54. Kh5 Qg6+ 55.
Kh4 f5 56. Kh3 f4 57. Kh2 Kf6 58. Kh3 Kf5 59. Kh2 e4 60. Kh3 f3 61. Kh4 e3 62.
Kh3 f2 63. Kh4 e2 64. Kh3 Kf4 65. Kh2 Qg3+ 66. Kh1 f1=Q# 0-1

[Event "Late-Titled-Tuesday-Blitz-June-18-2024"]
[Site "Chess.com"]
[Date "2024.06.18"]
[Round "1"]
[White "elis06"]
[Black "unkiyto"]
[Result "1-0"]
[WhiteElo "2379"]
[BlackElo "2646"]
[TimeControl "180+1"]
[EndTime "14:08:07 PDT"]
[Termination "elis06 won by checkmate"]

1. d4 Nf6 2. c4 g6 3. h4 Bg7 4.
Nc3 d5 5. h5 gxh5 6. cxd5 Nxd5 7. Rxh5 Nxc3 8. bxc3 b6 9. Nf3 Bb7 10. Bh6 Bxh6 11. Rxh6 Nc6 12. Qc2 Qd7 13. O-O-O O-O-O 14. e3 f6 15. Bb5 a6 16. Bd3 Kb8 17. Rxh7 Rxh7 18. Bxh7 Na5 19. Bd3 Bd5 20. c4 Bf7 21. Nd2 Ka7 22. Nb3 Nc6 23. a3 Qd6 24. Kb2 e5 25. d5 Ne7 26. e4 a5 27. c5 Qd7 28.
Qc4 Qc8 29. Qb5 Qb7 30. c6 Qa8 31. Ka1 Nc8 32. Rb1 Nd6 33. Qa4 Kb8 34. Nc5 Qa7 35.
Nd7+ Ka8 36. Nxf6 Rh8 37. g4 Rh2 38. f3 Rd2 39. Qb3 a4 40. Qc3 Rf2 41. Bc2 Qa6 42. g5 Qc4 43. Qxc4 Nxc4 44. Bxa4 Nxa3 45. Rb2 Rxf3 46.
Rb3 Rf1+ 47. Kb2 Nc4+ 48. Ka2 Rf2+ 49. Ka1 Nd6 50. Re3 Kb8 51. Bb3 Rf4 52. Bc2 Bg6 53.
Kb2 Nf7 54. Rg3 Nd6 55. Nd7+ Ka7 56. Nxe5 Bxe4 57. Bxe4 Nxe4 58. Ra3+ Kb8 59. Nd7+ Kc8 60. Ra8# 1-0

[Event "Late-Titled-Tuesday-Blitz-June-18-2024"]
[Site "Chess.com"]
[Date "2024.06.18"]
[Round "1"]
[White "Polish_fighter3000"]
[Black "imdvb6307"]
[Result "1-0"]
[WhiteElo "3083"]
[BlackElo "2522"]
[TimeControl "180+1"]
[EndTime "14:08:08 PDT"]
[Termination "Polish_fighter3000 won by resignation"]

1. g3 d5 2. Bg2 c6 3. Nf3 Bg4 4. d3 Nf6 5. Nbd2 Nbd7 6. h3 Bxf3 7.
Nxf3 e5 8. O-O Bd6 9. Nh2 O-O 10. Ng4 Qe7 11. e4 dxe4 12. dxe4 Nxg4 13. hxg4 Nc5 14.
g5 Rad8 15. Qh5 Ne6 16. c3 a5 17. Bd2 Bc5 18. Rad1 Rd6 19. Bc1 Rfd8 20. Rde1 g6 21. Qg4 R8d7 22. Kh1 f6 23. f4 fxg5 24. fxe5 Rd3 25.
Bh3 Nf8 26. e6 R7d6 27. Bxg5 Qxe6 28. Rxf8+ Kxf8 29. Qxe6 Rxe6 30. Bxe6 Rxg3 31. Bf6 Rf3 32. e5 Rf2 33. Rd1 Be7 34. Rd7 Bxf6 35. Rf7+ Ke8 36.
exf6 Re2 37. Re7+ Kf8 38. Kg1 g5 39. Kf1 Re5 40. Kf2 h5 41. Bg4 Rxe7 42. fxe7+ Kxe7 43. Bxh5 Kf6 44. Bg4 Ke5 45. Ke3 b5 46. Bd7 b4 47.
cxb4 axb4 48. Bxc6 Kd6 49. Ba4 Ke5 50. Kf3 Kd4 51. Kg4 Kd3 52. Kxg5 Kd2 53. Kf5 Kc1 54. b3 Kb2 55. Ke4 Kxa2 56. Kd4 Kb2 57. Kc4 Kc2 58.
Kb5 Kd3 59. Kxb4 Kd4 60. Ka5 1-0

[Event "Late-Titled-Tuesday-Blitz-June-18-2024"]
[Site "Chess.com"]
[Date "2024.06.18"]
[Round "1"]
[White "GelmanAlexander"]
[Black "urano56"]
[Result "1/2-1/2"]
[WhiteElo "2702"]
[BlackElo "2391"]
[TimeControl "180+1"]
[EndTime "14:08:08 PDT"]
[Termination "Game drawn by repetition"]

1. c4 Nf6 2. e3 e6 3. Nf3 d5 4. d3 dxc4 5. Qa4+ Nbd7 6. Qxc4 Nb6 7.
Qc2 Bd6 8. Nbd2 O-O 9. b3 e5 10. Bb2 Re8 11. Be2 Bf5 12. e4 Bg6 13. a3 Nh5 14. g3 Nf6 15. O-O Bh5 16. Rfe1 Rc8 17. Rac1 Qe7 18. Ra1 Bg4 19. Nh4 Bxe2 20. Rxe2 g6 21. Nhf3 Nfd7 22. Nf1 Nf8 23. Ne3 f6 24. d4 exd4 25. Nxd4 Qxe4 26. Qc3 Nd5 27. Nxd5 Qxd5 28. Rd2 Qc5 29. Qf3 Be5 30. Qxb7 Rcd8 31. Rad1 a5 32. Qf3 Rd6 33. b4 axb4 34. Qb3+ Qd5 35.
axb4 Red8 36. Qe3 Qb7 37. b5 Qb6 38. Qb3+ Kh8 39. Nf3 Rxd2 40. Rxd2 Rxd2 41. Nxd2 Kg7 42. Bxe5 fxe5 43. Ne4 Qd4 44. Qc2 Ne6 45. Qc6 Kf7 46. h4 h6 47. Kg2 g5 48. hxg5 hxg5 49. Kg1 g4 50. Kg2 Qd1 51. b6 Qf3+ 52. Kg1 cxb6 53. Qb7+ Kg6 54. Qc6 Kf5 55. Nd6+ Kg6 56. Ne4 Qd1+ 57. Kg2 Qf3+ 58. Kg1 1/2-1/2

[Event "Late-Titled-Tuesday-Blitz-June-18-2024"]
[Site "Chess.com"]
[Date "2024.06.18"]
[Round "1"]
[White "DeArron_Fox"]
[Black "Individoom"]
[Result "0-1"]
[WhiteElo "2463"]
[BlackElo "2820"]
[TimeControl "180+1"]
[EndTime "14:08:09 PDT"]
[Termination "Individoom won by resignation"]

1. d4 Nf6 2. c4 g6 3. Nc3 Bg7 4. e4 d6 5. f3 O-O 6. Be3 e5 7. Nge2 c6 8. Qd2 Nbd7 9. O-O-O a6 10. Bh6 b5 11. h4 Qe7 12. h5 bxc4 13. g4 Rb8 14.
Bxg7 Kxg7 15. hxg6 fxg6 16. Qh6+ Kg8 17. Ng3 Nb6 18.
dxe5 dxe5 19. g5 Ne8 20. Be2 Be6 21. Rh2 Qg7 22. Rdh1 Qxh6 23. Rxh6 Rb7 24. Nf1 Nd6 25.
Ne3 Nb5 26. R1h2 Nd4 27. Bd1 Nxf3 28. Rg2 Nd4 29. Bg4 Rbf7 30. Bxe6 Nxe6 31. Ng4 Nxg5 32. Nxe5 Rf1+ 33. Kd2 Nf3+ 34. Nxf3 R8xf3 35. e5 R1f2+ 36. Rxf2 Rxf2+ 37. Kc1 Nd5 38. Ne4 Re2 39. Ng5 Rxe5 40. Nxh7 Rh5 41. Rxh5 gxh5 42. Ng5 Kg7 43. Ne6+ Kf6 44.
Nd4 Ne7 45. Kd2 h4 46. Nf3 h3 47. Ke3 Kf5 48. Nd4+ Kg4 49. Kf2 Kf4 50. Ne6+ Ke4 51.
Nc5+ Kd4 52. Nxa6 Kd3 53. Kg3 Kc2 54. a4 Kxb2 55. a5 Nd5 56. Nc5 c3 57. a6 c2 58. a7 Nb6 59. Na4+ Nxa4 60. a8=Q c1=Q 61. Qxa4 Qc3+ 62. Kh2 Qc2+ 0-1

[Event "Late-Titled-Tuesday-Blitz-June-18-2024"]
[Site "Chess.com"]
[Date "2024.06.18"]
[Round "1"]
[White "Tunahan_Makaraci"]
[Black "carloseduar100"]
[Result "1-0"]
[WhiteElo "2611"]
[BlackElo "2259"]
[TimeControl "180+1"]
[EndTime "14:08:10 PDT"]
[Termination "Tunahan_Makaraci won on time"]

1. e4 e6 2. d4 d5 3. exd5 exd5 4. Bf4 Bd6 5. Qd2 Ne7 6. Nc3 a6 7. O-O-O O-O 8. Bd3 Bf5 9. Nge2 Bxd3 10. Qxd3 Nbc6 11. h4 Bxf4+ 12. Nxf4 Qd6 13. g3 Rfe8 14. Rhe1 b5 15. Qf3 Rad8 16. g4 b4 17. Na4 Ng6 18.
Nxg6 hxg6 19. Re3 Na5 20. Rde1 Rxe3 21. fxe3 Re8 22. Nc5 Nc4 23. b3 Nb6 24. h5 gxh5 25.
gxh5 a5 26. Rf1 Qe7 27. Kd2 Kf8 28. h6 gxh6 29. Qf4 Kg7 30. Rg1+ Kh7 31. Rh1 Qf8 32. Qxc7 Qg7 33. Rh2 Qg5 34. Qxf7+ Qg7 35. Qxe8 Qg3 36. Qe7+ Kg6 37. Qe6+ Kh7 38. Qf5+ Kg7 39. Rf2 Qg6 40. Qe5+ Kg8 41. Qb8+ Kh7 42. Qc7+ Kg8 43. Qd8+ Kh7 44. Qe7+ Qg7 45. Qxg7+ Kxg7 46. Ne6+ Kg6 47.
Rf4 h5 48. Nf8+ Kg7 49. Ne6+ Kg6 50. Rh4 Nd7 51. Nf4+ Kg5 52. Rxh5+ Kf6 53. Rh7 Nf8 54. Ra7 1-0

[Event "Late-Titled-Tuesday-Blitz-June-18-2024"]
[Site "Chess.com"]
[Date "2024.06.18"]
[Round "1"]
[White "BillCoe"]
[Black "JackRodgers"]
[Result "0-1"]
[WhiteElo "2081"]
[BlackElo "2559"]
[TimeControl "180+1"]
[EndTime "14:08:10 PDT"]
[Termination "JackRodgers won by resignation"]

1. e4 c5 2. Nf3 g6 3. d4 cxd4 4. Nxd4 Bg7 5. c3 Nc6 6. Be2 Nf6 7. Bf3 O-O 8. O-O d5 9. exd5 Nxd5 10. g3 Bh3 11.
Re1 Nxd4 12. cxd4 e6 13. Nc3 Rc8 14. Nxd5 exd5 15. Bf4 Qb6 16. Bxd5 Bxd4 17. Be3 Bxe3 18. Rxe3 Rcd8 19. Qf3 Qxb2 20. Rae1 Be6 21. Bxe6 fxe6 22. Qe2 Rd2 23. Qc4 Rdxf2 24. Qxe6+ Kg7 25. R3e2 Rxe2 26. Rxe2 Qd4+ 27. Kg2 b6 28. Re4 Qd2+ 29. Kh3 Qg5 30. Re5 Qf6 31. Qd5 Qf1+ 32. Kh4 Qf6+ 33. Kh3 Rf7 34. Re6 Qf1+ 35. Kh4 h6 36. Qe5+ Kh7 37.
Re7 g5+ 38. Kg4 Qf3+ 39. Kh3 Rxe7 40. Qxe7+ Kg6 41. Qe8+ Qf7 42. Qc6+ Qf6 43. Qe8+ Kg7 44. Qd7+ Qf7 45. Qd4+ Kh7 46. Qe4+ Kg8 47. Kg2 Qxa2+ 48. Kh3 Qf7 49. Kg4 Kg7 50. Kh3 Qf6 51. Kg2 Qf7 52. Qe5+ Kg6 53. Qd6+ Qf6 54. Qd3+ Qf5 55. Qd6+ Qf6 56. Qd3+ Kg7 57. Qd7+ Qf7 58. Qd4+ Kh7 59. Qe4+ Kg8 60. Qa8+ Qf8 61. Qd5+ Kg7 62. Qe5+ Kg6 63. Qe6+ Qf6 64. Qg8+ Kf5 65. Qd5+ Qe5 66. g4+ Kf6 67.
Qc6+ Qe6 68. Qc3+ Ke7 69. Qg7+ Kd6 70. Qf8+ Kc6 71. Qa8+ Kc5 72. Qf3 Qd5 73. Kg3 Qxf3+ 74. Kxf3 a5 0-1

[Event "Late-Titled-Tuesday-Blitz-June-18-2024"]
[Site "Chess.com"]
[Date "2024.06.18"]
[Round "1"]
[White "AustinThomas12345"]
[Black "IlyaGrigorjev"]
[Result "0-1"]
[WhiteElo "2481"]
[BlackElo "2877"]
[TimeControl "180+1"]
[EndTime "14:08:12 PDT"]
[Termination "IlyaGrigorjev won by checkmate"]

1. e4 e5 2. Nf3 Nc6 3. Nc3 Nf6 4. Be2 d5 5. exd5 Nxd5 6. O-O Nxc3 7. bxc3 e4 8. Nd4 Nxd4 9. cxd4 Qxd4 10. c3 Qd5 11. d3 Bd6 12. dxe4 Qxd1 13. Rxd1 O-O 14. Be3 b6 15.
Bc4 Bb7 16. Bd5 Bxd5 17. Rxd5 Rfe8 18. f3 Rad8 19. Rad1 f6 20. Bf4 Kf7 21. Bxd6 Rxd6 22. Rxd6 cxd6 23. Rxd6 Ke7 24. Rc6 Kd7 25. Rc4 Re5 26.
Kf2 Rb5 27. Rd4+ Ke6 28. Ke3 Rb1 29. Ra4 a5 30. Rc4 Kd7 31. a4 Rb2 32. Rd4+ Ke6 33.
Rc4 Kd7 34. Rd4+ Ke7 35. Rd2 Rb3 36. Rc2 Ra3 37. Kd3 Kd6 38. Rb2 Kc6 39. f4 Rxa4 40.
Re2 Ra1 41. c4 Kc5 42. e5 f5 43. Rb2 Ra3+ 44. Ke2 Rc3 45. Rb5+ Kc6 46. e6 Rxc4 47. Rxf5 Re4+ 48. Kd3 Rxe6 49. Rf7 Rg6 50. g3 a4 51.
f5 Rg4 52. f6 gxf6 53. Rxf6+ Kb5 54. Kc3 Rg5 55. Rf7 Rc5+ 56. Kb2 Kb4 57. Rxh7 a3+ 58. Ka2 Rc2+ 59. Kb1 Kb3 60. Rb7 a2+ 61. Ka1 Rc1# 0-1

[Event "Late-Titled-Tuesday-Blitz-June-18-2024"]
[Site "Chess.com"]
[Date "2024.06.18"]
[Round "1"]
[White "maksimys18"]
[Black "WoodlandMagic"]
[Result "0-1"]
[WhiteElo "2489"]
[BlackElo "2902"]
[TimeControl "180+1"]
[EndTime "14:08:13 PDT"]
[Termination "WoodlandMagic won by checkmate"]

1. d4 Nf6 2. Nf3 e6 3. c4 c5 4.
d5 exd5 5. cxd5 g6 6. Bg5 Bg7 7. Nc3 d6 8. e4 O-O 9. Be2 a6 10. a4 Re8 11. Qc2 Nbd7 12. O-O Qc7 13. Rae1 b6 14. Nd2 Rb8 15. f4 h5 16. f5 Ng4 17.
Bxg4 hxg4 18. fxg6 fxg6 19. e5 Nxe5 20. Nde4 Bf5 21.
Qd2 Rf8 22. Bh6 Rbe8 23. Bxg7 Kxg7 24. Rf4 c4 25. Ref1 Qd8 26. Qd4 Kg8 27. h3 gxh3 28. g4 h2+ 29. Kh1 Nxg4 30. Rxg4 Bxg4 31. Nf6+ Rxf6 32.
Rxf6 Bf5 33. Kxh2 Qe7 34. Kg2 b5 35. axb5 axb5 36. Qh4 b4 37. Nd1 Qe4+ 38. Qxe4 Bxe4+ 39. Kf2 Rf8 40. Rxf8+ Kxf8 41. Ne3 c3 42. bxc3 bxc3 43. Ke2 Ke7 44. Ng4 Bxd5 45. Kd3 Be6 46. Ne3 Kf6 47. Kxc3 Ke5 48. Kd2 g5 49. Ke2 Ke4 50. Nf1 Bc4+ 51. Kf2 Bxf1 52. Kg3 d5 53. Kh2 d4 54. Kg3 d3 55.
Kf2 d2 56. Kg3 d1=Q 57. Kh2 Qh5+ 58. Kg3 Qf3+ 59. Kh2 Qg2# 0-1

[Event "Late-Titled-Tuesday-Blitz-June-18-2024"]
[Site "Chess.com"]
[Date "2024.06.18"]
[Round "1"]
[White "Aygehovit1992"]
[Black "10n0l20"]
[Result "1/2-1/2"]
[WhiteElo "2804"]
[BlackElo "2468"]
[TimeControl "180+1"]
[EndTime "14:08:13 PDT"]
[Termination "Game drawn - insufficient material"]

1. e4 e5 2. Nf3 Nc6 3. Bb5 a6 4. Ba4 Nf6 5. O-O b5 6. Bb3 Bc5 7. c3 d6 8. d4 Bb6 9. Be3 Bb7 10. Nbd2 O-O 11. Re1 Ng4 12. Bg5 Qd7 13. h3 exd4 14. hxg4 dxc3 15. bxc3 Qxg4 16. Be3 Ba5 17. Rc1 h6 18. Bd5 Rae8 19. Nb3 Bb6 20. Bxb6 cxb6 21.
Nfd4 Qxd1 22. Rexd1 Nxd4 23. cxd4 Bxd5 24. exd5 Re2 25.
Rc6 Rxa2 26. Rxd6 Rb8 27. Rc6 a5 28. d6 Kh7 29. d7 Rd8 30. Rxb6 Rxd7 31. Rxb5 a4 32.
Nc5 Rd5 33. Ra5 a3 34. g3 Rc2 35. Ra1 Rxd4 36. R1xa3 Rdd2 37. Ne4 Re2 38. R3a4 Kg6 39.
Kg2 f5 40. Nc5 Rxf2+ 41. Kg1 Rg2+ 42. Kh1 Rxg3 43. Ra6+ Kh7 44. Ne6 Re2 45. Nf8+ Kg8 46. Ra8 Kf7 47. Nd7 Re7 48. R4a7 Kg6 49. Nf8+ Kf7 50.
Rxe7+ Kxe7 51. Kh2 Rg4 52. Kh3 h5 53. Nh7 Kf7 54.
Ra6 Kg8 55. Nf6+ gxf6 56. Rxf6 Rg5 57. Kh4 Rg7 58. Rxf5 Rg4+ 59. Kxh5 Rg7 60. Rg5 Rxg5+ 61. Kxg5 1/2-1/2

[Event "Late-Titled-Tuesday-Blitz-June-18-2024"]
[Site "Chess.com"]
[Date "2024.06.18"]
[Round "1"]
[White "lluiss"]
[Black "becemix"]
[Result "0-1"]
[WhiteElo "2277"]
[BlackElo "2613"]
[TimeControl "180+1"]
[EndTime "14:08:13 PDT"]
[Termination "becemix won on time"]

1. Nf3 d5 2. d4 Nf6 3. c4 e6 4. cxd5 exd5 5. Nc3 c6 6. Qc2 Be7 7. Bg5 O-O 8. e3 Nbd7 9. Bd3 Re8 10. O-O-O a5 11. Kb1 b5 12. Ne2 Bb7 13. Ne5 h6 14. Bh4 Rc8 15. Rc1 Nxe5 16. dxe5 Nd7 17. Bg3 b4 18.
Bh7+ Kh8 19. Bf5 c5 20. e6 fxe6 21. Bxe6 Bf6 22. Nf4 Nf8 23. Bxc8 Bxc8 24. Rhd1 d4 25. Qxc5 Ne6 26. Nxe6 Bxe6 27. exd4 Be7 28. Qc7 Qd5 29.
b3 Bg5 30. Be5 Re7 31. Qb8+ Kh7 32. f4 Bf6 33. Bxf6 Qf5+ 34. Kb2 Qxf6 35. Rc7 Bd7 36. Rxd7 Rxd7 37. Qe5 Qf7 38. Qe4+ Kh8 39. Re1 Rd8 40. f5 Qc7 41. Rc1 Qxh2 42. Rc2 Qd6 43. Rd2 Qd7 44. d5 Re8 45. Qf4 Qe7 46. g4 Qf6+ 47. Qd4 Qd6 48.
g5 hxg5 49. Qd3 Qf6+ 50. Qd4 Re2 51. Qxf6 Rxd2+ 52. Kc1 gxf6 53. Kxd2 Kg8 0-1

[Event "Late-Titled-Tuesday-Blitz-June-18-2024"]
[Site "Chess.com"]
[Date "2024.06.18"]
[Round "1"]
[White "tactic"]
[Black "sirinbaba33"]
[Result "1-0"]
[WhiteElo "2764"]
[BlackElo "2427"]
[TimeControl "180+1"]
[EndTime "14:08:14 PDT"]
[Termination "tactic won by resignation"]

1. e4 c5 2. c3 e5 3. Nf3 Nc6 4. Bc4 Nf6 5. d3 Be7 6. O-O O-O 7. a4 d6 8. Bg5 Ne8 9. Bxe7 Qxe7 10. Nbd2 Kh8 11.
Re1 Be6 12. a5 Nc7 13. h3 Rad8 14. Qb3 Rb8 15. Bd5 Qd7 16. Nf1 Bxd5 17. exd5 Ne7 18. Ne3 f5 19. d4 cxd4 20. cxd4 e4 21. Nd2 f4 22. Nec4 Ncxd5 23. Rxe4 Ng6 24. Nf3 Qc6 25. Rae1 Ne3 26. Ncd2 Nd5 27. Ng5 h6 28. Ne6 Rfc8 29.
Nf3 Nf6 30. R4e2 b6 31. Qd3 Nf8 32. Nxf4 bxa5 33. Ng6+ Nxg6 34. Qxg6 a4 35. Re7 Rg8 36. Nh4 Rbe8 37. Nf5 Rxe7 38. Nxe7 Qe8 39. Qf5 Qf7 40.
Ng6+ Kh7 41. Nf8+ Kh8 42. Ng6+ Kh7 43. Ne5+ g6 44. Nxf7 gxf5 45. Nxd6 Rb8 46. Nxf5 Rxb2 47. Re7+ Kh8 48. Rxa7 Ra2 49. Ne3 a3 50. d5 Ne4 51. f3 Nd6 52. Kh2 Nb5 53. Ra5 Rb2 54. Nc4 Rb3 55. d6 Rb4 56. d7 Kg7 57. d8=Q Rxc4 58. Rxb5 a2 59. Qd7+ Kg6 60. Qe6+ Kg7 61.
Rb7+ Rc7 62. Rxc7+ 1-0

[Event "Late-Titled-Tuesday-Blitz-June-18-2024"]
[Site "Chess.com"]
[Date "2024.06.18"]
[Round "1"]
[White "KaydenTroffChess"]
[Black "Giantgoogachess"]
[Result "0-1"]
[WhiteElo "2809"]
[BlackElo "2484"]
[TimeControl "180+1"]
[EndTime "14:08:15 PDT"]
[Termination "Giantgoogachess won by resignation"]

1. d4 Nf6 2. Nf3 e6 3. Bf4 d5 4. e3 c5 5. Nc3 a6 6. Ne5 Nc6 7. Nxc6 bxc6 8. Bd3 cxd4 9. exd4 Bd6 10. Bg5 O-O 11.
O-O Qc7 12. Bxf6 gxf6 13. Qg4+ Kh8 14. Rae1 f5 15. Qh5 Rg8 16. g3 a5 17. Na4 Rg7 18.
Qh6 Rg6 19. Qh4 Ba6 20. Bxa6 Rxa6 21. Re3 Kg7 22. Rb3 Ra7 23. Rd1 Rb7 24. Rdd3 Rb4 25.
Rxb4 axb4 26. b3 Be7 27. Qh5 c5 28. dxc5 Bxc5 29. c3 Rg4 30. Kg2 Ba7 31. h3 Rg6 32.
Qe2 bxc3 33. Rxc3 Qd6 34. Qc2 f4 35. g4 h5 36. Rc6 Qd8 37. Rc8 Qh4 38. Qc3+ d4 39. Qc7 f3+ 40. Kxf3 hxg4+ 41. Ke2 gxh3 42. Qe5+ Qf6 43. Qxf6+ Rxf6 44. Rc1 h2 45. Rh1 Rh6 46.
Nb2 e5 47. Kf3 f5 48. Nc4 e4+ 49. Kf4 Kf6 50. Kg3 Bb8+ 51. Kg2 d3 52. Ne3 Bf4 53. Nc4 Rg6+ 54. Kf1 Rg8 55. Ne3 Rc8 56. Nd5+ Ke5 57. Nxf4 Rc1+ 58. Kg2 Rxh1 59. Ng6+ Kf6 60. Nf4 Ra1 61.
Kxh2 d2 62. Nd5+ Ke5 63. Ne3 d1=Q 64. Nxd1 Rxd1 65. Kg2 Rd2 66. a4 Rb2 67. a5 Rxb3 68.
f3 exf3+ 0-1

[Event "Late-Titled-Tuesday-Blitz-June-18-2024"]
[Site "Chess.com"]
[Date "2024.06.18"]
[Round "1"]
[White "sammartin99"]
[Black "dcremisi"]
[Result "1-0"]
[WhiteElo "2357"]
[BlackElo "2629"]
[TimeControl "180+1"]
[EndTime "14:08:15 PDT"]
[Termination "sammartin99 won by checkmate"]

1. d4 Nf6 2. c4 c5 3. d5 e6 4. Nc3 exd5 5. cxd5 d6 6. Nf3 g6 7. Nd2 Bg7 8. e4 O-O 9. Be2 Re8 10. O-O a6 11. a4 Nbd7 12. Qc2 Rb8 13. f3 Nh5 14. Nc4 Bd4+ 15. Be3 Bxe3+ 16. Nxe3 Qg5 17. Qc1 Nf4 18.
Kh1 Ne5 19. Rd1 f5 20. Bf1 Nh5 21. Nc4 Qxc1 22. Raxc1 Nxc4 23. Bxc4 fxe4 24. Nxe4 Rd8 25. g4 Nf4 26. a5 Bd7 27. g5 Bf5 28. Nf6+ Kg7 29. Re1 Kf8 30. Nxh7+ Kf7 31. Nf6 Rh8 32. Re3 Kg7 33. Re7+ Kf8 34. Rce1 Rh3 35. Rc7 Nh5 36. Ree7 Nxf6 37. gxf6 Re8 38. Rxe8+ Kxe8 39. Rxb7 Rxf3 40.
Bxa6 Bh3 41. f7+ Kf8 42. Bb5 Rf2 43. a6 Rxb2 44. Kg1 Rg2+ 45. Kf1 Rb2+ 46. Ke1 Bc8 47. Rb8 Kxf7 48. Rxc8 Ra2 49. Rc7+ Kf6 50. a7 c4 51.
Bc6 c3 52. a8=Q Rxh2 53. Qf8+ Ke5 54. Qg7+ Ke4 55. Qxc3 Rh1+ 56. Kd2 Rh5 57. Kc1 Re5 58. Rd7 Kf5 59. Qd2 g5 60. Qd4 Re4 61. Rf7+ Kg6 62. Qxe4+ Kxf7 63. Qg4 Kg6 64. Bd7 Kf6 65. Qf5+ Ke7 66. Qxg5+ Kf7 67. Be6+ Ke8 68. Qg7 Kd8 69. Qd7# 1-0

[Event "Late-Titled-Tuesday-Blitz-June-18-2024"]
[Site "Chess.com"]
[Date "2024.06.18"]
[Round "1"]
[White "Eloist"]
[Black "JanistanTV"]
[Result "1-0"]
[WhiteElo "2465"]
[BlackElo "2781"]
[TimeControl "180+1"]
[EndTime "14:08:17 PDT"]
[Termination "Eloist won on time"]

1. e4 c5 2. Nf3 e6 3. d4 cxd4 4. Nxd4 Nc6 5. Nc3 Nf6 6. Nxc6 bxc6 7. e5 Nd5 8. Ne4 Qc7 9. f4 Qb6 10. c4 Ne3 11. Qd3 Bb4+ 12. Ke2 Nxc4 13. Kf3 Ba6 14. Qc2 d5 15. exd6 Nxd6 16. Bxa6 Qxa6 17. Be3 Nf5 18. Bc5 Bxc5 19. Nxc5 Nd4+ 20. Kg3 Nxc2 21. Nxa6 Nxa1 22. Nc7+ Kd7 23. Nxa8 Nc2 24. Rd1+ Kc8 25. Rd6 Kb7 26.
Rd7+ Kxa8 27. Rxf7 g6 28. h4 Nd4 29. Rd7 Nf5+ 30.
Kg4 Ne3+ 31. Kg3 h5 32. Kf3 Nf5 33. g3 Re8 34. Ke4 Nxg3+ 35. Ke5 Nf5 36. Kf6 Nxh4 37. Kg5 Nf5 38. Kxg6 h4 39. Rh7 Re7 40. Rh8+ Kb7 41. Kf6 Kc7 42. Rh5 Kd6 43. Rh8 Kd5 44. Rc8 c5 45.
Rd8+ Ke4 46. Rc8 Kxf4 47. Rxc5 h3 48. Rc4+ Kf3 49. Rc3+ Kg2 50. Rc2+ Kg3 51. Rc3+ Kg4 52. Rc4+ Kf3 53. Rc3+ Kf4 54. Rc4+ 1-0

[Event "Late-Titled-Tuesday-Blitz-June-18-2024"]
[Site "Chess.com"]
[Date "2024.06.18"]
[Round "1"]
[White "yobdc"]
[Black "champ2005"]
[Result "1-0"]
[WhiteElo "2539"]
[BlackElo "3069"]
[TimeControl "180+1"]
[EndTime "14:08:18 PDT"]
[Termination "yobdc won on time"]

1. e4 d6 2. d4 g6 3. Nf3 Bg7 4. c4 Nf6 5. Nc3 O-O 6. Be2 Nbd7 7. O-O e5 8. Re1 h6 9. Bf1 b6 10. h3 exd4 11. Nxd4 Bb7 12. Bf4 Re8 13. f3 Nc5 14. Qd2 Kh7 15. Rad1 Nh5 16. Be3 Ne6 17. g4 Nhf4 18. Nxe6 Nxe6 19. Nd5 a5 20. b3 Bxd5 21.
cxd5 Nc5 22. Bf2 Qf6 23. Kg2 Qe7 24. Rc1 Bf6 25. Bb5 Rg8 26. Qc2 Bg5 27. Rcd1 Bf4 28. a3 Ra7 29. Re2 Nd7 30. Bxd7 Qxd7 31. a4 Qe7 32.
Rd4 Qf6 33. Rc4 Qe7 34. Rc6 Be5 35. Qc4 Qf6 36. Qc1 Rb7 37. Rec2 b5 38. Rxc7 Rxc7 39. Rxc7 bxa4 40. bxa4 Rb8 41. Rc2 Rb4 42. Ra2 Rb3 43. Be3 Bd4 44. Re2 Rd3 45. Qe1 Bc5 46. Qf2 Rxe3 47.
Rxe3 Qa1 48. Qe2 Bxe3 49. Qxe3 Qxa4 50. Qf4 Qd7 51. e5 dxe5 52. Qxe5 a4 53. d6 a3 54. Qe7 Qxe7 55. dxe7 a2 56. e8=Q a1=Q 57. Qxf7+ Kh8 58. Qf8+ Kh7 59. Qf7+ Kh8 60. Qxg6 Qb2+ 61. Kg3 Qe5+ 62. Kh4 Qe1+ 63. Kh5 Qe5+ 64. g5 hxg5 65. Kh6 1-0

[Event "Late-Titled-Tuesday-Blitz-June-18-2024"]
[Site "Chess.com"]
[Date "2024.06.18"]
[Round "1"]
[White "alexrustemov"]
[Black "Tolya2"]
[Result "1-0"]
[WhiteElo "2862"]
[BlackElo "2478"]
[TimeControl "180+1"]
[EndTime "14:08:19 PDT"]
[Termination "alexrustemov won on time"]

1. d4 d5 2. c4 dxc4 3. Nf3 a6 4. e3 Nf6 5. Bxc4 e6 6. O-O c5 7. e4 b5 8. Bd3 cxd4 9. a4 b4 10. e5 Nd5 11. Nbd2 Bb7 12. Ne4 Nd7 13. Bg5 Qb6 14. a5 Qa7 15. Qd2 h6 16. Bh4 Qb8 17. Bg3 Be7 18.
Nd6+ Bxd6 19. exd6 Qa7 20. Bc4 O-O 21. Nxd4 Rac8 22.
Rfc1 N7f6 23. Bd3 Rcd8 24. h3 Rd7 25. Rc4 Rfd8 26. Nc6 Bxc6 27. Rxc6 Ne8 28. Rxa6 Qb7 29. Bf1 Nxd6 30. Rxd6 Rxd6 31. Bxd6 Rxd6 32. a6 Qa7 33. Qc2 g6 34. g3 Rd7 35. Qc4 Rc7 36. Qd3 h5 37. h4 Kg7 38. Be2 Rc6 39. Ra4 Nc7 40. Rxb4 Qc5 41. Ra4 Qc1+ 42. Kg2 Nxa6 43. Rxa6 Rxa6 44.
Qxa6 Qxb2 45. Qb5 Qc3 46. Qd3 Qb2 47. Kf3 Qa1 48. Ke3 Qe5+ 49. Qe4 Qc3+ 50. Bd3 Qc1+ 51.
Ke2 Qb2+ 52. Bc2 Qc3 53. Qd3 Qe5+ 54. Kd2 Kg8 55. Qe3 Qd5+ 56. Ke2 Qb5+ 57. Bd3 Qb2+ 58. Qd2 Qe5+ 59. Kf1 Qd4 60. Qe3 Qa1+ 61. Kg2 Kg7 62.
f3 Qb2+ 63. Be2 Qa1 64. g4 hxg4 65. fxg4 Qf6 66. Kg3 Qb2 67. h5 gxh5 68. gxh5 Qf6 69. Bg4 Qb2 70. Qg5+ Kf8 71. h6 Qc3+ 72. Bf3 1-0